Map: King's Cove LE

Players

MaSa

  • Race: Terran Terran
  • League: Master
  • Spawn Location: 5:00

Cham - Winner!

  • Race: Zerg Zerg
  • League: Master
  • Spawn Location: 11:00

Event: 2019 WCS Winter Americas

VOD

Have the link to the VOD?

Description

Time

  • Played on: April 6, 2019, 12:35 p.m.
  • Length: 16:39

All games in this series

Show
View Real Time Build Order
Export as new Build Order

MaSa Terran 

Build Orders: Banshee Rush 

Get SALT Encoding   

  12  0:00  SCV  
  13  0:12  SCV  
  14  0:17  Supply Depot  
  14  0:24  SCV  
  15  0:39  Barracks, SCV  
  16  0:44  Refinery  
  16  0:51  SCV  
  17  1:03  SCV  
  18  1:15  SCV  
  19  1:27  Orbital Command, Barracks Reactor  
  19  1:41  Command Center  
  19  1:49  Supply Depot  
  19  1:53  SCV  
  20  2:03  Marine x2  
  20  2:05  SCV  
  23  2:13  Factory  
  23  2:20  Marine  
  23  2:21  Marine  
  25  2:23  SCV  
  25  2:27  Refinery  
  26  2:35  SCV  
  27  2:38  Marine x2  
  29  2:47  SCV  
  30  2:53  Orbital Command  
  30  2:57  Starport  
  30  3:01  SCV  
  30  3:04  Factory Tech Lab  
  31  3:08  Bunker  
  31  3:18  SCV  
  32  3:25  SCV  
  33  3:30  SCV  
  34  3:37  SCV  
  35  3:41  Banshee, Cloaking Field  
  35  3:43  Factory Tech Lab  
  35  3:44  SCV  
  39  3:57  Command Center  
  39  4:01  SCV  
  42  4:06  Siege Tank  
  42  4:08  SCV  
  44  4:13  SCV  
  44  4:15  Barracks Tech Lab  
  45  4:17  Supply Depot  
  45  4:18  Barracks  
  45  4:20  SCV  
  46  4:30  Barracks  
  46  4:38  Banshee  
  46  4:39  SCV x2, Supply Depot  
  46  4:41  Stimpack  
  46  4:42  Marine  
  52  4:50  Refinery  
  52  4:51  SCV, Supply Depot  
  53  4:57  SCV  
  54  5:00  Siege Tank  
  54  5:03  SCV, Supply Depot  
  54  5:05  Marine  
  54  5:06  Marine  
  60  5:09  SCV  
  60  5:13  Orbital Command  
  61  5:16  SCV  
  62  5:24  Barracks Reactor  
  62  5:26  Engineering Bay, SCV  
  62  5:27  Engineering Bay  
  62  5:28  SCV  
  64  5:29  Marine  
  64  5:30  Marine  
  64  5:32  Marine, Starport Reactor  
  67  5:37  Orbital Command  
  67  5:38  SCV  
  67  5:40  Refinery  
  67  5:41  SCV  
  67  5:42  Supply Depot  
  70  5:47  Marine x2  
  70  5:48  Siege Tank  
  74  5:50  SCV  
  74  5:53  SCV  
  76  5:59  Terran Infantry Weapons Level 1  
  76  6:01  Barracks  
  76  6:02  Barracks, SCV  
  76  6:03  Terran Infantry Armor Level 1  
  77  6:05  SCV  
  77  6:09  SCV  
  79  6:14  SCV  
  79  6:17  Marine x4, SCV  
  85  6:21  SCV  
  83  6:26  SCV  
  83  6:29  Supply Depot  
  83  6:30  SCV  
  83  6:32  Medivac x2  
  89  6:33  Marine  
  89  6:38  SCV  
  89  6:39  Marine x3  
  93  6:40  Marine, Refinery  
  93  6:41  Refinery  
  93  6:42  SCV x2  
  97  6:47  Combat Shield  
  97  6:50  Siege Tank, Supply Depot  
  97  6:51  Marine  
  97  6:53  Barracks Reactor x2  
  101  6:54  SCV  
  101  6:57  Marine x3  
  101  6:58  SCV  
  103  7:02  SCV  
  103  7:05  Medivac  
  103  7:06  SCV  
  107  7:12  Marine x2  
  107  7:14  SCV  
  107  7:15  Marine  
  111  7:17  Supply Depot  
  111  7:18  Marine x2  
  111  7:19  Supply Depot  
  111  7:20  Medivac  
  111  7:21  SCV x2  
  117  7:23  Factory  
  117  7:26  Armory  
  117  7:27  Armory  
  117  7:30  SCV  
  117  7:38  Marine x4  
  117  7:39  SCV x2  
  115  7:46  Marine x2  
  115  7:47  Medivac  
  115  7:48  Marine x2, Marauder  
  115  7:50  SCV, Medivac  
  120  7:57  SCV  
  119  7:59  Factory Reactor  
  119  8:02  Command Center  
  119  8:03  SCV  
  119  8:04  SCV  
  119  8:05  Marine x3  
  121  8:06  Marine x2  
  121  8:09  Factory Reactor  
  126  8:16  Terran Infantry Armor Level 2, SCV, Terran Infantry Weapons Level 2  
  126  8:17  Marine x2  
  126  8:18  Marine  
  130  8:22  Factory Tech Lab  
  130  8:23  SCV x2  
  130  8:25  Supply Depot  
  130  8:26  Supply Depot  
  132  8:27  Supply Depot  
  127  8:35  Medivac x2  
  127  8:40  Terran Vehicle And Ship Armor Level 1  
  127  8:41  Supply Depot x2  
  131  8:46  SCV, Starport  
  131  8:47  Marine, Fusion Core  
  133  8:52  Marine x4  
  133  8:57  Widow Mine  
  133  8:58  Widow Mine, Barracks, Liberator x2  
  133  8:59  Barracks x2  
  133  9:01  Widow Mine  
  139  9:06  Marine x3  
  139  9:09  Marine  
  137  9:10  Marine, Marauder  
  137  9:12  Marine x2  
  142  9:31  SCV x2  
  142  9:35  Starport Tech Lab  
  142  9:36  Liberator  
  142  9:37  Marine x3  
  142  9:38  Marine x4  
  149  9:39  Starport  
  149  9:40  Planetary Fortress  
  149  9:41  Liberator  
  149  9:43  Widow Mine x3  
  149  9:44  Drilling Claws  
  156  9:48  Liberator, Marauder  
  156  9:50  Refinery, Barracks Tech Lab  
  156  9:51  Barracks Tech Lab  
  159  10:00  Marine x6  
  168  10:10  Marine x2  
  168  10:12  Concussive Shells  
  168  10:13  Marauder x2  
  171  10:20  Refinery  
  171  10:24  Starport Reactor  
  171  10:25  Marine x3  
  171  10:26  Marine x3, Marauder x2  
  181  10:38  Supply Depot  
  181  10:39  Supply Depot  
  181  10:41  Supply Depot  
  176  10:44  Liberator  
  172  10:54  Supply Depot x2  
  171  10:58  Terran Infantry Armor Level 3  
  171  10:59  Marine  
  171  11:01  Marine x2, Marauder, Medivac  
  171  11:02  SCV, Marauder  
  171  11:03  SCV, Medivac  
  181  11:05  Liberator  
  178  11:14  Liberator  
  178  11:15  Marine x3, SCV x2  
  179  11:18  Marine x2  
  179  11:20  Marine x2  
  179  11:21  Marauder x2  
  179  11:22  Liberator  
  179  11:23  Marine x2, Marauder  
  173  11:28  SCV  
  144  11:33  Marine x3, Liberator  
  144  11:36  Marine  
  147  11:40  Marine  
  147  11:41  Marauder  
  147  11:42  Marauder  
  147  11:45  Medivac  
  157  11:54  Marine  
  157  11:55  Orbital Command  
  163  12:01  SCV  
  157  12:11  Command Center  
  157  12:15  Supply Depot  
  157  12:18  Widow Mine x2  
  157  12:19  Liberator  
  157  12:20  SCV  
  160  12:23  Marine x2  
  160  12:29  Marine, Marauder  
  163  12:33  Marine x2, Marauder  
  163  12:37  Marine x2  
  139  12:39  SCV  
  139  12:40  SCV  
  139  12:41  SCV  
  144  12:47  Ghost Academy  
  144  12:51  SCV  
  144  12:53  Terran Infantry Weapons Level 3  
  144  12:54  Supply Depot  
  144  12:55  Supply Depot  
  145  13:01  Medivac  
  145  13:04  Liberator  
  145  13:05  Refinery  
  147  13:06  SCV x2, Missile Turret  
  147  13:07  SCV  
  147  13:09  Terran Ship Weapons Level 1  
  147  13:11  Marine, Supply Depot  
  150  13:18  SCV  
  150  13:19  SCV x2, Missile Turret  
  154  13:22  Supply Depot  
  154  13:23  Marine, Supply Depot  
  154  13:24  Marine  
  156  13:30  Marine x3, SCV  
  156  13:31  SCV x2  
  162  13:36  Widow Mine x2  
  162  13:37  Widow Mine  
  162  13:38  Sensor Tower  
  162  13:44  Marine x3  
  162  13:47  Marine x2  
  167  13:50  Marine  
  167  13:53  Ghost x2  
  168  13:57  Refinery  
  168  14:00  Medivac  
  170  14:08  Refinery, Planetary Fortress  
  170  14:09  Marine x6, Liberator  
  176  14:10  Liberator  
  176  14:14  Orbital Command  
  175  14:21  Missile Turret  
  175  14:23  Missile Turret  
  173  14:30  Marine x3, Marauder  
  184  14:33  Marine x3, Marauder  
  184  14:35  SCV x2  
  184  14:38  Marine x2  
  185  14:40  Marine  
  185  14:44  Ghost  
  179  14:47  SCV x2  
  179  14:48  SCV  
  179  14:49  SCV  
  178  14:57  Liberator  
  178  14:59  Neosteel Armor, SCV  
  180  15:00  SCV  
  180  15:01  Marine x2  
  180  15:04  Ghost, Supply Depot  
  183  15:09  Liberator  
  183  15:10  Personal Cloaking, Marine  
  183  15:11  Marine  
  168  15:16  Liberator  
  168  15:18  SCV x3  
  168  15:19  SCV  
  175  15:22  Ghost  
  175  15:23  Marine, Liberator  
  184  15:46  Ghost  
  184  15:47  Marine  
  187  15:50  Marine x2, Command Center  
  186  15:57  Ghost  
  186  15:58  Marine, Ghost  
  186  16:01  Ghost  
  180  16:08  Marine x2  
  180  16:11  Marine x2  
  144  16:12  Marine  
  144  16:13  Marine  
  144  16:16  Marine x2  
Show
View Real Time Build Order
Export as new Build Order

Cham Zerg - Winner!

Build Orders: Hatch First, Brood Lord Corruptor 

Get SALT Encoding   

  12  0:00  Drone  
  13  0:08  Drone  
  14  0:17  Overlord  
  14  0:37  Drone x2  
  16  0:48  Hatchery  
  15  0:53  Drone  
  16  1:07  Spawning Pool  
  16  1:11  Drone  
  16  1:14  Drone  
  16  1:16  Extractor  
  16  1:20  Drone  
  17  1:25  Drone  
  17  1:32  Drone  
  19  1:54  Queen, Overlord  
  19  1:56  Zergling x2  
  19  2:00  Queen  
  24  2:02  Zergling x2  
  24  2:05  Drone  
  26  2:11  Drone  
  27  2:25  Overlord  
  27  2:26  Drone  
  27  2:29  Drone  
  29  2:36  Drone  
  30  2:45  Hatchery  
  30  2:46  Drone x2  
  31  2:56  Queen  
  33  2:59  Metabolic Boost  
  33  3:02  Drone  
  33  3:05  Drone  
  35  3:08  Drone  
  35  3:12  Drone x2  
  38  3:17  Overlord  
  38  3:19  Drone  
  39  3:22  Drone  
  39  3:23  Drone  
  39  3:25  Drone  
  42  3:28  Drone  
  42  3:33  Overlord  
  43  3:41  Queen  
  43  3:42  Queen  
  43  3:44  Zergling x2  
  43  3:47  Overlord  
  48  3:56  Drone x2  
  48  4:00  Overlord  
  48  4:01  Drone  
  51  4:03  Drone  
  51  4:05  Drone x2  
  51  4:06  Drone x3  
  51  4:07  Drone  
  58  4:12  Drone  
  58  4:14  Queen  
  58  4:17  Drone x2  
  62  4:21  Overlord  
  62  4:23  Drone  
  64  4:28  Lair  
  64  4:31  Drone  
  64  4:32  Drone x2  
  64  4:36  Extractor  
  64  4:37  Baneling Nest  
  64  4:38  Drone x3  
  67  4:40  Drone  
  67  4:42  Drone  
  67  4:45  Spore Crawler  
  69  4:47  Spore Crawler  
  69  4:49  Drone x3  
  69  4:50  Drone  
  72  4:53  Drone  
  72  4:54  Extractor x2, Drone  
  72  4:57  Zergling x2  
  72  4:59  Queen  
  75  5:05  Drone x2, Evolution Chamber  
  75  5:07  Evolution Chamber  
  75  5:08  Overlord  
  75  5:10  Drone x2  
  75  5:12  Extractor  
  75  5:13  Overlord  
  76  5:18  Overlord  
  76  5:22  Overlord  
  76  5:28  Drone x3  
  78  5:29  Drone x2  
  78  5:31  Zerg Ground Armor Level 1  
  78  5:32  Zerg Melee Weapons Level 1  
  78  5:33  Centrifical Hooks  
  81  5:36  Zergling x4  
  81  5:38  Zergling x4  
  81  5:41  Zergling x4  
  87  5:47  Drone  
  87  5:48  Drone x2  
  87  5:49  Hydralisk Den  
  89  5:51  Spore Crawler  
  89  5:52  Spore Crawler  
  87  5:59  Drone  
  87  6:05  Hatchery  
  87  6:11  Spore Crawler  
  82  6:12  Overseer  
  82  6:17  Drone x2  
  79  6:18  Drone  
  79  6:19  Drone x3  
  79  6:22  Zergling x4  
  85  6:29  Grooved Spines, Hydralisk  
  85  6:30  Overlord  
  85  6:32  Hydralisk x3  
  91  6:35  Hydralisk x2  
  91  6:36  Hydralisk  
  99  6:40  Hydralisk  
  99  6:43  Drone x2  
  99  6:44  Drone x2, Baneling x2  
  99  6:45  Baneling  
  105  6:48  Overlord, Hydralisk  
  105  6:52  Baneling x2  
  105  6:53  Zergling x4  
  109  7:00  Zergling x2, Baneling x3  
  109  7:01  Zergling x2  
  111  7:13  Hatchery  
  110  7:16  Hydralisk x4  
  110  7:17  Drone  
  110  7:18  Drone x2  
  110  7:19  Drone  
  110  7:21  Drone, Overseer  
  123  7:23  Drone x3  
  123  7:24  Drone  
  127  7:32  Overlord x4  
  127  7:35  Overlord  
  127  7:40  Muscular Augments  
  119  7:47  Zergling x6  
  119  7:48  Zergling x14  
  119  7:49  Zerg Ground Armor Level 2  
  119  7:50  Zerg Melee Weapons Level 2  
  125  7:53  Drone x2  
  126  7:59  Drone x5  
  126  8:01  Infestation Pit  
  126  8:03  Drone x4  
  134  8:08  Baneling x2  
  134  8:12  Spore Crawler  
  131  8:13  Spore Crawler  
  131  8:14  Hydralisk x2  
  131  8:15  Zergling x4  
  134  8:23  Hydralisk x5  
  134  8:25  Hydralisk  
  134  8:26  Overlord  
  146  8:29  Zergling x4  
  146  8:34  Zergling x4  
  149  8:36  Zergling x2, Overlord  
  149  8:40  Hive  
  149  8:41  Drone  
  151  8:43  Extractor  
  151  8:44  Extractor  
  151  8:45  Extractor  
  151  8:46  Drone  
  151  8:47  Drone x3, Zergling x10  
  157  8:49  Zergling x2  
  157  8:51  Zergling x2  
  157  8:53  Zergling x2, Baneling x7  
  157  8:54  Zergling x4  
  161  8:57  Zergling x2  
  161  8:58  Zergling x4  
  164  9:08  Zergling x2, Overlord  
  163  9:10  Zergling x4  
  163  9:14  Hydralisk x2  
  163  9:15  Zergling x4  
  169  9:17  Zergling x8  
  169  9:22  Zergling x4  
  169  9:23  Zergling x2  
  176  9:25  Zergling x2  
  176  9:26  Zergling x2  
  176  9:27  Zergling x4  
  176  9:28  Zergling x2  
  176  9:29  Zergling x2  
  176  9:30  Zergling x4  
  182  9:35  Zergling x2  
  183  9:38  Spire  
  183  9:40  Zergling x10  
  183  9:45  Baneling x12  
  187  9:46  Zergling x4, Overlord x2  
  187  9:47  Zergling x8  
  187  9:49  Zergling x2  
  194  9:52  Overlord  
  194  9:54  Zergling x2  
  194  9:59  Zergling x4  
  197  10:07  Zergling x2  
  197  10:12  Zerg Ground Armor Level 3, Adrenal Glands  
  197  10:13  Zerg Melee Weapons Level 3  
  197  10:16  Extractor  
  197  10:17  Extractor  
  197  10:19  Zergling x12, Spore Crawler x2  
  199  10:22  Baneling  
  199  10:23  Baneling x8  
  196  10:38  Zergling x10  
  185  10:53  Greater Spire  
  153  11:31  Corruptor x13  
  153  11:32  Hydralisk  
  157  11:33  Zergling x24  
  157  11:34  Zergling x2  
  157  11:39  Zergling x4  
  165  11:43  Zergling x2  
  165  11:45  Zergling x4  
  168  11:51  Zergling x2, Baneling  
  168  11:52  Baneling x18  
  168  11:53  Zergling x2  
  170  11:54  Zergling x2  
  170  11:59  Zergling x2  
  170  12:00  Zergling x6  
  175  12:07  Baneling x2  
  175  12:08  Zergling x4, Baneling  
  172  12:09  Zergling x18  
  172  12:10  Hatchery  
  172  12:11  Zergling x2  
  182  12:20  Zergling x6  
  185  12:24  Zerg Flyer Weapons Level 1  
  163  12:42  Infestor x2  
  166  12:50  Corruptor, Brood Lord x6  
  178  12:52  Zergling x10  
  178  12:53  Zergling x20  
  193  13:02  Zergling x2  
  193  13:04  Corruptor x2  
  198  13:14  Drone  
  199  13:44  Baneling x9  
  199  13:45  Baneling x6  
  199  13:46  Baneling  
  199  13:47  Baneling x7  
  199  13:48  Baneling  
  198  13:57  Overseer  
  198  14:00  Zergling x2  
  199  14:22  Corruptor  
  199  14:24  Baneling x7  
  196  14:38  Zerg Flyer Armor Level 1  
  191  14:39  Corruptor x6  
  198  14:50  Corruptor x2  
  200  14:54  Baneling  
  200  14:55  Baneling x9  
  200  15:09  Zergling x2  
  200  15:10  Zergling x12, Spore Crawler x4  
  200  15:11  Spore Crawler x3  
  200  15:12  Zergling x4  
  197  15:17  Brood Lord  
  197  15:18  Zergling x2  
  198  15:41  Corruptor x3  
  199  15:58  Corruptor x2  
  199  16:03  Corruptor x3  
  195  16:04  Zergling x14  
  195  16:08  Corruptor x2, Zergling x2  
  195  16:09  Zergling x4  
  198  16:14  Zergling x24  
  198  16:15  Zergling x2  
  198  16:16  Zergling x2  
Tags
 
Add a new tag
Caveats
  • Supply blocks, unpowered buildings, or Contaminate may cause inaccurate times.
  • Supply counts are checked every 10 seconds.